 Dungeon Crawl Stone Soup version 0.27-a0-1590-g15f69828bf (webtiles) character file.

Game seed: 11556600204176646084

198 Anon1729 the Sneak (level 5, 0/64 HPs)
             Began as a Merfolk Delver on July 18, 2021.
             Slain by a gnoll (1 damage)
             ... on level 1 of the Dungeon.
             The game lasted 00:01:28 (1484 turns).

Anon1729 the Sneak (Merfolk Delver)                 Turns: 1484, Time: 00:01:29

Health: 0/64       AC: 22    Str: 14    XL:     5   Next: 77%
Magic:  5/5        EV:  2    Int:  9    God:
Gold:   59         SH:  5    Dex: 15    Spells: 4/4 levels left

rFire    . . .     SeeInvis .   a - +0 spear
rCold    . . .     Faith    .   (no shield)
rNeg     + + +     Spirit   .   (armour currently unavailable)
rPois    +         Reflect  +   (helmet currently unavailable)
rElec    .         Harm     .   (cloak currently unavailable)
rCorr    .         Rampage  .   (gloves currently unavailable)
Will     .....     NoTele   +   (boots currently unavailable)
Stlth    +++.......             i - amulet of reflection
HPRegen  0.20/turn              (no ring)
MPRegen  0.09/turn              (no ring)

@: tree-form
A: stationary, stasis, torment immunity, boosted hp, (nimble swimmer 2),
(mertail)
a: no special abilities


You were on level 1 of the Dungeon.
You were a tree.
You visited 1 branch of the dungeon, and saw 5 of its levels.

You collected 59 gold pieces.

Inventory:

Hand Weapons
 a - a +0 spear (weapon)
Armour
 b - a +0 leather armour (melded)
Jewellery
 i - an amulet of reflection (around neck)
 k - a ring of see invisible
Wands
 g - a wand of digging (3)
Scrolls
 c - a scroll of fog
 d - a scroll of magic mapping
 e - a scroll of fear
 h - 2 scrolls of identify {unknown}
Potions
 f - a potion of lignification
 j - a potion of cancellation {unknown}


   Skills:
 + Level 4.4 Fighting
 + Level 4.9 Polearms
 + Level 4.4 Dodging
 + Level 6.4 Stealth


You had 4 spell levels left.
You didn't know any spells.
Your spell library contained the following spells:

 Spells                   Type           Power      Damage    Failure   Level
 Magic Dart               Conj           0%         1d3       38%         1
 Call Imp                 Summ           0%         N/A       52%         2
 Mephitic Cloud           Conj/Pois/Air  0%         N/A       77%         3


Dungeon Overview and Level Annotations

Branches:
Dungeon (5/15)
 Temple: D:4-7

Altars:

Annotations:
D:5 exclusion: steam dragon


Innate Abilities, Weirdness & Mutations

You are a tree.
Your roots penetrate the ground, keeping you stationary.
You cannot be teleported.
You are immune to unholy pain and torment.
Your maximum health is greatly increased.
Your equipment is partially melded.
((You are quick and stealthy near water. (Stealth+, EV+, Speed+++)))
((Your lower body shifts to a powerful aquatic tail in water.))


Message History

You climb upwards.
Found 17 gold pieces.
Found a stone staircase leading down and two stone staircases leading up.
There is a stone staircase leading down here.
The bat barely misses you. The bat misses you.
There is a stone staircase leading up here.
The gnoll hits you with a +0 club.
You climb upwards.
Found a stone staircase leading up.
There is a stone staircase leading down here.
There is a stone staircase leading up here.
The gnoll hits you with a +0 club.
You climb upwards.
Found a ring mail, two robes and 22 bolts.
There is a stone staircase leading down here.
You closely miss the gnoll.
The gnoll is moderately wounded.
The gnoll hits you with a +0 club.
* * * LOW HITPOINT WARNING * * *
You hit the gnoll.
The gnoll is heavily wounded.
The gnoll hits you with a +0 club.
* * * LOW HITPOINT WARNING * * *
Found a mace.
It was a potion of lignification.
You turn into a tree.
Your +0 leather armour melds into your body.
Your roots penetrate the ground.
The gnoll hits you with a +0 club.
* * * LOW HITPOINT WARNING * * *
You barely miss the gnoll.
The gnoll is heavily wounded.
You block the gnoll's attack.
You hit the gnoll.
The gnoll is severely wounded.
The gnoll hits you with a +0 club.
* * * LOW HITPOINT WARNING * * *
You barely miss the gnoll.
The gnoll is severely wounded.
The gnoll hits you with a +0 club.
You die...

##########
.........#
..[......#
.........#
..[.[....#####
.......>.....#
###.....####.#
+.....+.##.#
#.....#)♣g.#
#.....######
#..(..#
#.....#
#######


You could see a gnoll.

Vanquished Creatures
  A necrophage (D:4)
  A bullfrog zombie (D:5)
  A hound (D:4)
  A hound zombie (D:5)
  A hound skeleton (D:4)
  An adder (D:5)
  A gnoll (D:4)
  An adder skeleton (D:4)
  A giant cockroach (D:4)
  A quokka (D:4)
10 creatures vanquished.

Notes
Turn   | Place    | Note
-------+----------+-------------------------------------------
     0 | D:5      | Anon1729 the Merfolk Delver began the quest for the Orb.
     0 | D:5      | Reached XP level 1. HP: 18/18 MP: 1/1
    66 | D:5      | Reached XP level 2. HP: 5/25 MP: 2/2
    66 | D:5      | Reached XP level 3. HP: 6/30 MP: 3/3
   795 | D:5      | Noticed a steam dragon
   800 | D:5      | Noticed an orc warrior
   825 | D:4      | Reached skill level 6 in Stealth
   825 | D:4      | Reached XP level 4. HP: 17/37 MP: 4/4
  1000 | D:4      | Noticed a necrophage
  1029 | D:4      | Killed a necrophage
  1030 | D:4      | Reached XP level 5. HP: 18/43 MP: 5/5
  1483 | D:1      | HP: 1/64 [gnoll (3)]
  1484 | D:1      | Slain by a gnoll

Illustrated notes

Levels and vault maps discovered:
D:1:      elethiomel_arrival_maze, layout_basic, hangedman_decor_riveting,
          minmay_tree_intersection
D:2:      layout_basic, serial_forest, infiniplex_forest_end_1,
          infiniplex_forest_join, infiniplex_forest_lined_3,
          infiniplex_forest_clump_small, infiniplex_forest_lined_3_way,
          infiniplex_forest_lined_3, infiniplex_forest_corner_1,
          infiniplex_forest_pool, infiniplex_forest_clump_tiny
D:3:      layout_rooms, chequers_ecumenical_altar_island
D:4:      layout_loops_ring, kennysheep_generic_room_9, uniq_menkaure
D:5:      layout_basic

Skill      XL: |  1  2  3  4 |
---------------+-------------+-----
Dodging        | 3 4 |  4.4
Polearms       | 4 |  4.9
Fighting       | 4 |  4.4
Stealth        | 6 |  6.4

Action                   |  1- 3 |  4- 6 || total
-------------------------+-------+-------++-------
Melee: Spear             |    46 |    53 ||    99
  Use: Potion            |     1 |     1 ||     2
 Stab: Sleeping          |     1 |     3 ||     4
Armor: Leather armour    |     7 |     4 ||    11
Dodge: Dodged            |    23 |    22 ||    45
Block: Other             |       |     2 ||     2

Table legend: (Time is in decaauts)
 A = Elapsed time spent in this place.
 B = Non-inter-level travel time spent in this place.
 C = Inter-level travel time spent in this place.
 D = Time resting spent in this place.
 E = Time spent auto-exploring this place.
 F = Levels seen in this place.
 G = Mean time per level.
                   A        B        C        D        E       F      G
               +--------+--------+--------+--------+--------+-----+--------+
         Total |   1453 |   1453 |      0 |    556 |    723 |   5 |  290.6 |
       Dungeon |   1453 |   1453 |      0 |    556 |    723 |   5 |  290.6 |
               +--------+--------+--------+--------+--------+-----+--------+

Top non-repeatable levels by time:
     D:5: 792 daAuts
     D:4: 641 daAuts
     D:1: 13 daAuts
     D:3: 3 daAuts
     D:2: 2 daAuts
